 Dungeon Crawl Stone Soup version 0.24.1-11-gbbbb2193e6 (webtiles) character file.

Game seed: 1432151327830233454, levelgen mode: deterministic

283 Gwenloh the Skirmisher (level 6, -23/56 HPs)
             Began as a Hill Orc Fighter on May 13, 2020.
             Annihilated by an ogre
             ... wielding a +0 giant club
              (26 damage)
             ... on level 4 of the Dungeon.
             The game lasted 00:11:08 (4098 turns).

Gwenloh the Skirmisher (Hill Orc Fighter)           Turns: 4098, Time: 00:11:08

Health: -23/56     AC:  8    Str: 24    XL:     6   Next: 28%
Magic:  6/6        EV:  9    Int: 10    God:
Gold:   143        SH:  5    Dex: 12    Spells: 5/5 levels left

rFire    . . .     SeeInvis .   a - +0 war axe
rCold    . . .     Gourm    .   w - +0 buckler
rNeg     . . .     Faith    .   v - +0 scale mail
rPois    .         Spirit   .   (no helmet)
rElec    .         Reflect  .   (no cloak)
rCorr    .         Harm     .   (no gloves)
MR       .....                  u - +0 pair of boots
Stlth    ..........             (no amulet)
HPRegen  0.18/turn              C - +2 ring of intelligence
MPRegen  0.10/turn              (no ring)

@: mighty
A: no striking features
a: no special abilities


You were on level 4 of the Dungeon.
You were not hungry.

You visited 1 branch of the dungeon, and saw 4 of its levels.

You collected 143 gold pieces.

Inventory:

Hand Weapons
 a - a +0 war axe (weapon)
 b - a +2 hunting sling of flaming
Missiles
 j - 51 sling bullets
 p - 79 stones
 y - 7 javelins (quivered)
Armour
 c - a +0 shield
 s - a +0 plate armour
 u - a +0 pair of boots (worn)
 v - a +0 scale mail (worn)
 w - a +0 buckler (worn)
 B - a +0 chain mail
Jewellery
 C - a +2 ring of intelligence (left hand)
Scrolls
 e - 4 scrolls of remove curse {unknown}
 h - a scroll of blinking {unknown}
 k - 6 scrolls of identify {unknown}
 l - a scroll of enchant armour {unknown}
 m - 2 scrolls of fog {unknown}
 q - 4 scrolls of teleportation {unknown}
 t - 2 scrolls of enchant weapon {unknown}
 x - a scroll of random uselessness {unknown}
 D - a scroll of immolation {unknown}
 E - a scroll of magic mapping {unknown}
 F - a scroll of amnesia {unknown}
Potions
 d - a potion of might
 g - 3 potions of mutation {unknown}
 i - a potion of flight {unknown}
 n - a potion of lignification {unknown}
 o - 2 potions of haste {unknown}
 r - a potion of brilliance {unknown}
 z - a potion of heal wounds {unknown}
 A - a potion of degeneration {unknown}
Comestibles
 f - 9 rations
 G - a chunk of flesh


   Skills:
 * Level 5.5 Fighting
 * Level 5.3 Axes
 + Level 4.3 Armour
 + Level 4.2 Shields


You had 5 spell levels left.
You didn't know any spells.
Your spell library contained the following spells:

 Spells                   Type           Power        Failure   Level  Hunger
 Beastly Appendage        Tmut           #.....       65%         1    ##.....
 Sticks to Snakes         Tmut           #.......     80%         2    ###....
 Spider Form              Tmut/Pois      #.........   95%         3    ####...
 Ice Form                 Ice/Tmut       #.......     100%        4    #####..
 Blade Hands              Tmut           #.........   100%        5    ######.


Dungeon Overview and Level Annotations

Branches:
Dungeon (4/15)
 Temple: D:4-7

Altars:
Cheibriados


Message History

An orc comes into view.
The orc shouts!
You are too injured to fight recklessly!
You are too injured to fight recklessly!
Sorry, you're not good enough to have a special ability.
You feel very mighty all of a sudden. The ogre hits you with a +0 giant club!
* * * LOW HITPOINT WARNING * * *
You are too injured to fight recklessly!
You completely miss the ogre.
The ogre is heavily wounded.
The ogre hits you with a +0 giant club!
* * * LOW HITPOINT WARNING * * *
You slash the ogre!
The ogre is almost dead.
The ogre closely misses you.
You hit the ogre.
The ogre is almost dead.
The ogre hits you with a +0 giant club!!
You die...

##############
#######............#
#####...........@.......
......#####.#####O##....
####### #.# o# . #.# .#
#.# .# #.# .# #.# .# #..
..


You could see an ogre and an orc.

Vanquished Creatures
  Blork the orc (D:3)
  2 iguanas
  Ijyb (D:3)
  4 gnolls
  3 adders
  A worm (D:2)
  A dart slug (D:1)
  4 leopard geckos
  An orc (D:4)
  4 ball pythons
  13 bats
  A giant cockroach (D:4)
  8 goblins
  11 hobgoblins
  2 quokkas (D:3)
  5 frilled lizards
  5 kobolds
  8 rats
75 creatures vanquished.

Notes
Turn   | Place    | Note
-------+----------+-------------------------------------------
     0 | D:1      | Gwenloh the Hill Orc Fighter began the quest for the Orb.
     0 | D:1      | Reached XP level 1. HP: 19/19 MP: 1/1
   107 | D:1      | Reached XP level 2. HP: 25/27 MP: 2/2
   670 | D:1      | Reached XP level 3. HP: 33/33 MP: 3/3
  1564 | D:2      | Reached XP level 4. HP: 38/41 MP: 4/4
  2966 | D:3      | Noticed Ijyb
  3007 | D:3      | Killed Ijyb
  3007 | D:3      | Reached XP level 5. HP: 26/47 MP: 5/5
  3461 | D:3      | Found a snail-covered altar of Cheibriados.
  3470 | D:3      | Reached skill level 5 in Fighting
  3590 | D:4      | Noticed Blork the orc
  3602 | D:3      | Killed Blork the orc
  3602 | D:3      | Reached skill level 5 in Axes
  3636 | D:3      | Reached XP level 6. HP: 8/56 MP: 6/6
  4098 | D:4      | Annihilated by an ogre

Levels and vault maps discovered:
D:1:      minmay_arrival_cross, layout_basic
D:2:      layout_loops_corners, grunt_ministairs_9
D:3:      layout_loops_ring, old_standard_altar, first_ration, uniq_ijyb
D:4:      layout_loops_ring, uniq_blork_the_orc, uniq_eustachio

Skill      XL: |  1  2  3  4  5 |
---------------+----------------+-----
Axes           | 3 4 5 |  5.3
Fighting       | 4 5 |  5.5
Armour         | 4 |  4.3
Shields        | 4 |  4.2

Action                   |  1- 3 |  4- 6 || total
-------------------------+-------+-------++-------
Melee: War axe           |   112 |    87 ||   199
       Unarmed           |       |    28 ||    28
 Fire: Hunting sling     |       |    41 ||    41
Throw: Stone             |    10 |    26 ||    36
  Use: Potion            |       |     2 ||     2
  Eat: Chunk             |     1 |     9 ||    10
Armor: Scale mail        |    54 |    40 ||    94
Dodge: Dodged            |    45 |    52 ||    97
Block: Shield            |    67 |    25 ||    92
       Buckler           |       |     8 ||     8
